 Dungeon Crawl Stone Soup version 0.31.0-4-g52a2dc7128 (webtiles) character file.

Game seed: 12234249539388761977

32 SnakkuSnakku7 the Ducker (level 3, -1/24 HPs)
             Began as a Merfolk Earth Elementalist on Jan 22, 2024.
             Slain by an orc
             ... wielding a +0 hand axe
              (6 damage)
             ... on level 2 of the Dungeon.
             The game lasted 00:01:00 (963 turns).

SnakkuSnakku7 the Ducker (MfEE)                      Turns: 963, Time: 00:01:01

Health: -1/24      AC:  5    Str:  8    XL:     3   Next: 27%
Magic:  6/6        EV: 10    Int: 14    God:
Gold:   31         SH:  0    Dex: 16    Spells: 5/6 levels left

rFire   . . .        a - +0 sling
rCold   . . .        (no shield)
rNeg    . . .        d - +0 ring mail
rPois   .            (no helmet)
rElec   .            (no cloak)
rCorr   .            (no gloves)
SInv    .            (no boots)
Will    .....        (no amulet)
Stlth   +            (no ring)
HPRegen 0.24/turn    (no ring)
MPRegen 0.10/turn

%: no passive effects
@: no status effects
A: (nimble swimmer 2), mertail
a: no special abilities


You were on level 2 of the Dungeon.
You visited 1 branch of the dungeon, and saw 2 of its levels.

You collected 31 gold pieces.

Inventory:

Hand Weapons
 a - a +0 sling (weapon)
Armour
 c - a +0 robe
 d - a +0 ring mail (worn)
Potions
 b - a potion of magic
 e - a potion of invisibility {unknown}
 f - a potion of haste {unknown}


   Skills:
 + Level 2.3 Ranged Weapons
 - Level 2.6 Dodging
 - Level 2.1 Stealth
 - Level 2.0 Spellcasting
 - Level 0.7 Conjurations
 - Level 2.4 Earth Magic


You had 5 spell levels left.
You knew the following spells:

 Your Spells              Type           Power      Damage    Failure   Level
a - Sandblast             Erth           16%        2d6       28%         1

Your spell library contained the following spells:

 Spells                   Type           Power      Damage    Failure   Level
 Passwall                 Erth           8%         N/A       63%         3
 Stone Arrow              Conj/Erth      10%        3d7       75%         3
 Ozocubu's Armour         Ice            1%         N/A       91%         3
 Brom's Barrelling Bould  Conj/Erth      5%         2d3       98%         4
 Petrify                  Alch/Erth      4%         N/A       99%         4
 Metabolic Englaciation   Hex/Ice        0%         N/A       100%        5
 Sculpt Simulacrum        Ice/Alch       0%         N/A       100%        6


Dungeon Overview and Level Annotations

Branches:
Dungeon (2/15)

Altars:


Innate Abilities, Weirdness & Mutations

((You are very nimble when in or above water. (Stealth+, EV+, Speed+++)))
Your lower body shifts to a powerful aquatic tail in water.


Message History

You shoot a sling bullet. The sling bullet barely misses the orc.
The orc hits you but does no damage.
You shoot a sling bullet.
The sling bullet closely misses the orc.
The orc hits you with a +0 hand axe. The orc hits you but does no damage.
You shoot a sling bullet. The sling bullet barely misses the orc.
The orc hits you with a +0 hand axe.
You shoot a sling bullet.
The sling bullet hits the orc but does no damage.
The orc is moderately wounded.
The orc hits you with a +0 hand axe. x2
You are too injured to fight recklessly!
You are too injured to fight recklessly!
You are too injured to fight recklessly!
You shoot a sling bullet.
The sling bullet hits the orc but does no damage.
The orc is moderately wounded.
The orc hits you but does no damage.
You shoot a sling bullet.
The sling bullet closely misses the orc.
The orc closely misses you. The orc barely misses you.
You shoot a sling bullet.
The sling bullet hits the orc but does no damage.
The orc is moderately wounded.
The orc hits you with a +0 hand axe.
You shoot a sling bullet.
The sling bullet hits the orc but does no damage.
The orc is moderately wounded.
The orc hits you with a +0 hand axe.
You shoot a sling bullet. The sling bullet barely misses the orc.
The orc hits you but does no damage. The orc hits you with a +0 hand axe.
* * * LOW HITPOINT WARNING * * *
You shoot a sling bullet.
The sling bullet closely misses the orc.
The orc hits you with a +0 hand axe.
* * * LOW HITPOINT WARNING * * *
You shoot a sling bullet. The sling bullet hits the orc.
The orc is severely wounded.
The orc hits you but does no damage. The orc hits you with a +0 hand axe.
You die...

.............#
....$........#.
...............
.............#.
...............
..............#
...............
#o@...# #######


You could see an orc.

Vanquished Creatures
  3 ball pythons (D:1)
  4 endoplasms (D:1)
  2 giant cockroaches (D:1)
  A goblin (D:1)
  4 hobgoblins (D:1)
  2 kobolds (D:1)
  2 quokkas (D:1)
  6 bats (D:1)
  3 frilled lizards (D:1)
  A rat (D:1)
28 creatures vanquished.

Notes
Turn   | Place    | Note
-------+----------+-------------------------------------------
     0 | D:1      | SnakkuSnakku7 the Merfolk Earth Elementalist began the
                  | quest for the Orb.
     0 | D:1      | Reached XP level 1. HP: 13/13 MP: 3/3
   141 | D:1      | Reached skill level 1 in Ranged Weapons
   208 | D:1      | Reached XP level 2. HP: 16/19 MP: 5/5
   694 | D:1      | Reached XP level 3. HP: 24/24 MP: 6/6
   963 | D:2      | Slain by an orc

Illustrated notes

Levels and vault maps discovered:
D:1:      evilmike_arrival_crescent, layout_loops_corners
D:2:      layout_rooms, basic_altar

Skill      XL: |  1  2 |
---------------+-------+-----
Ranged Weapons | 1 2 |  2.3
Dodging        | |  2.6
Stealth        | |  2.1
Spellcasting   | |  2.0
Conjurations   | |  0.7
Earth Magic    | |  2.4

Action                     || total
---------------------------++-------
   Fire: Sling             ||   103
 Armour: Ring mail         ||    38
  Dodge: Dodged            ||    34
